 Dungeon Crawl Stone Soup version 0.21-a0-632-g1e37ce5 (webtiles) character file.

4910 Dordric the Carver (level 10, -1/103 (105) HPs)
             Began as a Human Berserker on Dec 22, 2017.
             Was a High Priest of Trog.
             Slain by an orc warrior
             ... wielding a +0 trident
              (15 damage)
             ... on level 9 of the Dungeon on Dec 27, 2017.
             The game lasted 00:22:20 (10398 turns).

Dordric the Carver (Human Berserker)               Turns: 10398, Time: 00:22:21

HP:   -1/103 (105)  AC:  7    Str: 23    XL:     10   Next: 80%
MP:   10/10         EV: 18    Int:  8    God:    Trog [*****.]
Gold: 481           SH:  0    Dex: 15    Spells: 9/9 levels left

rFire    + . .     SeeInvis .   a - +7 falchion
rCold    x . .     Gourm    .   (no shield)
rNeg     . . .     Faith    .   v - +2 leather armour "Eqapn" {MR+ rCorr Slay+2}
rPois    .         Spirit   .   i - +0 helmet
rElec    .         Reflect  .   o - scarf {repulsion}
rCorr    +         Harm     .   s - +0 pair of gloves
MR       ++...                  (no boots)
Stlth    ..........             (no amulet)
HPRegen  0.27/turn              n - ring of protection from magic
MPRegen  0.12/turn              K - ring of fire

@: berserking, repel missiles, very quick
A: no striking features
a: Berserk, Trog's Hand, Brothers in Arms, Burn Spellbooks, Renounce Religion


You were on level 9 of the Dungeon.
You worshipped Trog.
Trog was extremely pleased with you.
You were very hungry.

You visited 1 branch of the dungeon, and saw 9 of its levels.

You collected 578 gold pieces.
You spent 97 gold pieces at shops.

Inventory:

Hand Weapons
 a - a +7 falchion (weapon)
 M - a +0 long sword
Missiles
 N - 4 steel tomahawks (quivered)
Armour
 b - a +0 animal skin
 f - a +0 ring mail
 i - a +0 helmet (worn)
 o - a scarf of repulsion (worn)
 s - a +0 pair of gloves (worn)
 u - a +0 leather armour
 v - the +2 leather armour "Eqapn" (worn) {MR+ rCorr Slay+2}
   (You found it on level 6 of the Dungeon)

   It affects your accuracy and damage with ranged weapons and melee attacks
   (+2).
   It affects your resistance to hostile enchantments.
   It protects you from acid and corrosion.
 E - a +0 plate armour
 O - a +2 leather armour of poison resistance
 P - a +3 leather armour
Jewellery
 d - an uncursed ring of resist corrosion
 n - a ring of protection from magic (left hand)
 K - a ring of fire (right hand)
Wands
 D - a wand of acid (5)
 H - a wand of paralysis (15)
Scrolls
 k - 2 scrolls of magic mapping
 l - 3 scrolls of fog
 m - a scroll of blinking
 r - a scroll of teleportation
 t - 4 scrolls of identify
 y - 3 scrolls of remove curse
 C - a scroll of immolation {unknown}
 F - a scroll of brand weapon {unknown}
 G - a scroll of vulnerability {unknown}
 I - a scroll of enchant armour {unknown}
Potions
 e - 7 potions of curing
 h - 3 potions of haste
 j - a potion of heal wounds
 p - a potion of mutation
 q - a potion of agility {unknown}
 w - a potion of lignification
 x - a potion of flight {unknown}
 z - a potion of brilliance {unknown}
 A - a potion of might {unknown}
 J - 2 potions of ambrosia {unknown}
 L - a potion of magic {unknown}
Books
 B - a book of Air

   Spells                             Type                      Level
   a - Shock                          Conjuration/Air              1
   b - Swiftness                      Charms/Air                   2
   c - Static Discharge               Conjuration/Air              3
   d - Airstrike                      Air                          4
   e - Lightning Bolt                 Conjuration/Air              5
   Trog disapproves of the use of such an item.
Comestibles
 c - 16 rations
 g - 10 chunks of flesh


   Skills:
 - Level 3.0 Fighting
 * Level 12.4 Long Blades
 - Level 2.0 Armour
 + Level 9.1 Dodging


You had 9 spell levels left.
You didn't know any spells.

Dungeon Overview and Level Annotations

Branches:
Dungeon (9/15)             Temple (0/1) D:7
   Lair: D:8-11         Orc: D:9-12

Altars:
Cheibriados
Gozag
Hepliaklqana
Kikubaaqudgha
Nemelex Xobeh
Zin

Shops:
D:4 *   D:6 (   D:7 (

Annotations:
D:8 1 runed door


Message History

The orc warrior hits you with a trident!!
You hit the orc warrior.
The orc warrior is lightly wounded.
A red film seems to cover your vision as you go berserk!
You feel yourself moving faster!
You feel mighty!
You are feeling very hungry.
The orc warrior misses you.
You riposte.
You hit the orc warrior.
The orc warrior is moderately wounded.
You barely miss the orc warrior.
The orc warrior is moderately wounded.
The orc warrior hits you with a trident!!
* * * LOW HITPOINT WARNING * * *
You hit the orc warrior.
The orc warrior is heavily wounded.
You slash the orc warrior!
The orc warrior is severely wounded.
You closely miss the orc warrior.
The orc warrior is severely wounded.
The orc warrior hits you with a trident!
You die...

#...............
######...............
...
.....................
#..
.............$.......
.........))..........
..........)...T......
.....................
.....................
...........@........
...........o.......
#########..........
#..........
#..........
...........
..########.. ... ..


You could see a troll and an orc warrior.

Vanquished Creatures
  Prince Ribbit (D:6)
  A spriggan (D:7)
  The ghost of Snicker the Chopper, an amateur MiGl (D:4)
  5 yaks (D:9)
  Menkaure (D:4)
  4 ice beasts
  Purgy (D:3)
  A necrophage (D:8)
  An orc warrior (D:8)
  3 ogres
  A sky beast (D:5)
  A phantom (D:7)
  3 centaurs
  A big kobold (D:8)
  A crocodile (D:9)
  2 bullfrogs (D:7)
  Blork the orc (D:4)
  A gnoll sergeant (D:8)
  A scorpion (D:8)
  10 killer bees
  4 wights
  2 howler monkeys
  A crimson imp (D:2)
  Crazy Yiuf (D:4)
  3 hounds
  5 orc priests
  A jelly (D:6)
  6 bullfrog skeletons
  3 iguanas
  9 orc wizards
  3 worker ants
  A hound skeleton (D:4)
  4 gnolls (D:8)
  8 adders
  3 shadow imps
  An ooze (D:2)
  2 adder skeletons (D:6)
  3 worms
  3 dart slugs
  3 leopard geckos
  37 orcs
  3 giant cockroaches
  7 goblins
  9 hobgoblins
  5 jackals
  4 quokkas
  2 ball pythons
  4 bats
  3 frilled lizards
  9 kobolds
  A leopard gecko skeleton (D:4)
  A leopard gecko zombie (D:6)
  9 rats
201 creatures vanquished.

Notes
Turn   | Place    | Note
-------+----------+-------------------------------------------
     0 | D:1      | Dordric the Human Berserker began the quest for the Orb.
     0 | D:1      | Reached XP level 1. HP: 18/18 MP: 1/1
    77 | D:1      | Reached XP level 2. HP: 24/24 MP: 2/2
   137 | D:1      | Found a snail-covered altar of Cheibriados.
   324 | D:1      | Upgraded the game from 0.21-a0-615-g8e08f28 to 0.21-a0-632-g1e37ce5
   706 | D:1      | Reached XP level 3. HP: 29/29 MP: 3/3
   832 | D:2      | Reached skill level 4 in Long Blades
   833 | D:2      | Reached XP level 4. HP: 35/35 MP: 4/4
   839 | D:2      | Reached ** piety under Trog
  1149 | D:2      | Reached XP level 5. HP: 40/41 MP: 5/5
  1727 | D:3      | Reached skill level 5 in Long Blades
  2025 | D:3      | Noticed Purgy
  2026 | D:3      | Found a hazy altar of Hepliaklqana.
  2034 | D:3      | Killed Purgy
  2034 | D:3      | Reached XP level 6. HP: 47/47 MP: 6/6
  2209 | D:3      | Found a sparkling altar of Nemelex Xobeh.
  2209 | D:3      | Found an opulent altar of Gozag.
  2515 | D:4      | Reached *** piety under Trog
  2595 | D:4      | Reached skill level 6 in Long Blades
  2880 | D:4      | Noticed Menkaure
  2882 | D:4      | Noticed Snicker's ghost (amateur MiGl)
  2889 | D:4      | Killed Menkaure
  2889 | D:4      | Reached XP level 7. HP: 52/52 MP: 7/7
  2905 | D:4      | Killed Snicker's ghost
  2905 | D:4      | Reached skill level 7 in Long Blades
  3067 | D:4      | Noticed Blork the orc
  3090 | D:4      | Killed Blork the orc
  3090 | D:4      | Reached skill level 5 in Dodging
  3262 | D:4      | Reached XP level 8. HP: 58/58 MP: 8/8
  3612 | D:4      | Found a runed door.
  3616 | D:4      | Noticed Crazy Yiuf
  3622 | D:4      | Killed Crazy Yiuf
  3902 | D:4      | Found Gosofoaze's General Store.
  3909 | D:4      | Bought a scroll of enchant weapon for 97 gold pieces
  3916 | D:5      | Entered Level 5 of the Dungeon
  3939 | D:5      | Reached skill level 8 in Long Blades
  4386 | D:5      | Reached skill level 9 in Long Blades
  4602 | D:5      | Reached XP level 9. HP: 53/63 MP: 9/9
  4801 | D:5      | Found an ancient bone altar of Kikubaaqudgha.
  4803 | D:5      | Found a glowing silver altar of Zin.
  5318 | D:6      | Reached **** piety under Trog
  5531 | D:6      | Noticed Prince Ribbit
  5549 | D:6      | Killed Prince Ribbit
  5549 | D:6      | Reached skill level 10 in Long Blades
  5974 | D:6      | Got an encrusted leather armour
  5985 | D:6      | Identified the +2 leather armour "Eqapn" {MR+ rCorr Slay+2} (You found it on level 6 of the Dungeon)
  6029 | D:6      | Found Buwkey Hoyp's Weapon Shop.
  6236 | D:7      | Found a staircase to the Ecumenical Temple.
  6323 | D:7      | Found Pafuv's Weapon Boutique.
  8101 | D:7      | Reached XP level 10. HP: 47/70 MP: 10/10
  8274 | D:8      | Reached skill level 11 in Long Blades
  8323 | D:8      | Found a runed door.
  8323 | D:8      | Noticed a deep elf knight
  8323 | D:8      | Noticed a fire dragon
  8323 | D:8      | Noticed a flayed ghost
  8325 | D:8      | Noticed a manticore
  8325 | D:8      | Noticed a wolf spider
  8325 | D:8      | Noticed a cyclops
  8325 | D:8      | Noticed an ogre mage
 10002 | D:8      | Received a gift from Trog
 10116 | D:9      | Reached skill level 12 in Long Blades
 10158 | D:9      | Reached ***** piety under Trog
 10398 | D:9      | Slain by an orc warrior

Vault maps used:
D:1:      roderic_crossed_star, cheibriados_altar_1
D:2:      kennysheep_generic_room_9
D:3:      grunt_temple_overflow_opulence, old_standard_altar, uniq_purgy
D:4:      first_ration, serial_shops, nicolae_shop_waterfront, minmay_unequal,
          uniq_crazy_yiuf_cottage, uniq_menkaure, uniq_blork_the_orc
D:5:      grunt_temple_overflow_open
D:6:      serial_shops, kennysheep_little_box, uniq_prince_ribbit1
D:7:      minmay_temple_entry_glass, serial_shops, shop, the_bakery
D:8:      minmay_gate_of_8
D:9:      chequers_temple_overflow_statue_of_worship, david_orc_3

Skill      XL: |  1  2  3  4  5  6  7  8  9 10 |
---------------+-------------------------------+-----
Long Blades    | 4 5 6 7 9 10 12 | 12.4
Dodging        | 3 4 5 6 7 9 |  9.1
Fighting       | |  3.0
Armour         | |  2.0

Action                   |  1- 3 |  4- 6 |  7- 9 | 10-12 || total
-------------------------+-------+-------+-------+-------++-------
Melee: Falchion          |    49 |   184 |   352 |   230 ||   815
Invok: Berserk           |     1 |     3 |     7 |     3 ||    14
       Burn Spellbooks   |       |       |     1 |       ||     1
  Use: Scroll            |     1 |     4 |    10 |     6 ||    21
  Eat: Chunk             |       |     9 |    12 |     1 ||    22
       Ration            |       |       |     4 |     2 ||     6
Armor: Animal skin       |     1 |       |       |       ||     1
       Ring mail         |    17 |    67 |    39 |       ||   123
       Plate armour      |       |       |    40 |       ||    40
       Leather armour    |       |       |    13 |    40 ||    53
Dodge: Dodged            |    35 |   115 |   193 |   192 ||   535
       Deflected         |       |       |     4 |     7 ||    11
       Rpst.: Falchion   |    13 |    34 |    66 |    55 ||   168

Table legend:
 A = Spawn XP
 B = Non-spawn XP
 C = Spawn XP percentage of total XP
 D = Spawn monster count
 E = Non-spawn monster count
 F = Spawn count percentage of total count
 G = Total turns spent on level
                    A         B        C        D         E        F      G
               +---------+---------+-------+---------+---------+-------+---------
         Total |       0 |    7015 |   0.0 |       0 |     201 |   0.0 | 10398
               +---------+---------+-------+---------+---------+-------+---------
           D:1 |       0 |      30 |   0.0 |       0 |      18 |   0.0 |   815
           D:2 |       0 |     143 |   0.0 |       0 |      29 |   0.0 |   872
           D:3 |       0 |     215 |   0.0 |       0 |      11 |   0.0 |   662
           D:4 |       0 |     864 |   0.0 |       0 |      34 |   0.0 |  1721
           D:5 |       0 |     842 |   0.0 |       0 |      15 |   0.0 |   995
           D:6 |       0 |     737 |   0.0 |       0 |      15 |   0.0 |  1097
           D:7 |       0 |    1416 |   0.0 |       0 |      32 |   0.0 |  2724
           D:8 |       0 |    1443 |   0.0 |       0 |      33 |   0.0 |  1218
           D:9 |       0 |    1325 |   0.0 |       0 |      14 |   0.0 |   294
               +---------+---------+-------+---------+---------+-------+---------
